 Dungeon Crawl Stone Soup version 0.30.1-4-g462c640d31 (webtiles) character file.

Game seed: 3938634383766490237

7046 Wiggles the Cleaver (level 10, 0/135 HPs)
             Began as a Minotaur Berserker on Sept 13, 2023.
             Was an Elder of Trog.
             Slain by a gnoll sergeant
             ... wielding a +3 trident of venom
              (3 damage)
             ... on level 8 of the Dungeon.
             The game lasted 00:12:26 (6691 turns).

Wiggles the Cleaver (Minotaur Berserker)            Turns: 6691, Time: 00:12:27

Health: 0/135      AC: 19    Str: 26    XL:     10   Next: 83%
Magic:  9/9        EV: 10    Int:  4    God:    Trog [****..]
Gold:   484        SH:  0    Dex: 10    Spells: 9/9 levels left

rFire   + . .        G - +7 executioner's axe
rCold   . . .        (shield currently unavailable)
rNeg    . . .        h - +0 chain mail
rPois   +            (helmet restricted)
rElec   .            b - +2 cloak {Will+}
rCorr   .            v - +2 pair of gloves
SInv    .            t - +0 pair of boots of Lir Nop {Drain rPois rF+}
Will    +....        y - amulet of the acrobat Stlth
                     A - +4 ring of slaying
HPRegen 0.42/turn    r - ring of poison resistance
MPRegen 0.11/turn

%: acrobat
@: berserking, lethally poisoned (0 -> -8), very quick
A: horns 2, retaliatory headbutt
a: Renounce Religion, Berserk, Trog's Hand, Brothers in Arms


You were on level 8 of the Dungeon.
You worshipped Trog.
Trog was greatly pleased with you.
You visited 2 branches of the dungeon, and saw 9 of its levels.
You also visited: Ossuary and Bailey.

You collected 484 gold pieces.

Inventory:

Hand Weapons
 G - a +7 executioner's axe (weapon)
Armour
 b - a +2 cloak of willpower (worn)
 h - a +0 chain mail (worn)
 t - the +0 pair of boots of Lir Nop (worn) {Drain rPois rF+}
   (You found it on level 4 of the Dungeon)

   rF:        It protects you from fire.
   rPois:     It protects you from poison.
   Drain:     It drains your maximum health when unequipped.
 v - a +2 pair of gloves (worn)
Jewellery
 g - a ring of flight
 r - a ring of poison resistance (right hand)
 y - an amulet of the acrobat (around neck)
 z - a +5 ring of evasion
 A - a +4 ring of slaying (left hand)
 E - a ring of protection from fire
Wands
 B - a wand of paralysis (6)
Scrolls
 a - a scroll of acquirement
 e - 6 scrolls of identify
 f - a scroll of magic mapping
 p - 3 scrolls of immolation
 u - 4 scrolls of teleportation
 w - a scroll of blinking
Potions
 c - 3 potions of curing
 d - 6 potions of mutation
 i - 4 potions of might
 j - 2 potions of flight
 k - a potion of magic {unknown}
 l - 2 potions of resistance
 m - a potion of haste
 n - 4 potions of lignification


   Skills:
 + Level 8.6 Fighting
 + Level 13.7 Axes
 + Level 9.2 Armour
 + Level 4.3 Dodging
 + Level 1.7 Stealth
 + Level 7.3 Shields


You had 9 spell levels left.
You didn't know any spells.
Your spell library was empty.

Dungeon Overview and Level Annotations

Branches:
Dungeon (8/15)             Temple (1/1) D:7         Ossuary (visited)
 Bailey (visited)
   Lair: D:8-11

Altars:
Ashenzari
Cheibriados
Dithmenos
Elyvilon
Nemelex Xobeh
Ru
Vehumet
Xom
Zin
The Shining One

Shops:
D:7 :


Innate Abilities, Weirdness & Mutations

You have a pair of horns on your head.
You reflexively headbutt those who attack you in melee.


Message History

The seven-headed hydra bites you but does no damage. x2
You slice one of the seven-headed hydra's heads off!
The six-headed hydra grows two more!
You slice the eight-headed hydra!! You headbutt the eight-headed hydra!!
The eight-headed hydra is severely wounded.
You hack one of the eight-headed hydra's heads off!
The seven-headed hydra grows two more!
You slash the nine-headed hydra!
The nine-headed hydra is severely wounded.
The gnoll sergeant hits you from afar with a +3 trident of venom!
You are poisoned.
The nine-headed hydra bites you but does no damage. x4
The nine-headed hydra closely misses you.
The nine-headed hydra bites you but does no damage.
The nine-headed hydra bites you!
The nine-headed hydra bites you but does no damage.
The nine-headed hydra misses you.
You hack one of the nine-headed hydra's heads off!
The eight-headed hydra grows two more!
You slice the ten-headed hydra!!
Your headbutt misses the ten-headed hydra.
The ten-headed hydra is almost dead.
You feel very sick.
The gnoll sergeant hits you from afar with a +3 trident of venom!
The ten-headed hydra bites you but does no damage.
The ten-headed hydra bites you! x2
* * * LOW HITPOINT WARNING * * *
The ten-headed hydra bites you but does no damage. x4
The ten-headed hydra bites you!
* * * LOW HITPOINT WARNING * * *
The ten-headed hydra bites you!
* * * LOW HITPOINT WARNING * * *
The ten-headed hydra misses you.
You hack one of the ten-headed hydra's heads off!
The nine-headed hydra grows two more!
You cut the 11-headed hydra into ribbons!!!
You kill the 11-headed hydra!
Trog accepts your kill.
* * * LOW HITPOINT WARNING * * *
You feel very sick.
The gnoll sergeant hits you from afar with a +3 trident of venom.
You die...

#.# ##...##.# # #)#
###.....#.##### #.#
##.'....)'.....#
##.####.##..)..#.##8.#
#..8##.####...##...#.#
#'###.####.....#.#.8.#
#.##.###.##...##.#.#.#
#.#.###g.#.....#.#.8.#
##.#.@..)###+###.#...#
#.#.###..#.....#.#.8.#
#.##.###.##...##.#.#.#
#'###.####.....#.#.8.#
#..8##.####...##...#.#
##.####.##.....#.##8.#
#)# ##.+.....'.....#
#.# ###.....#.#####
#.# ##.รท.##.# #


You could see a gnoll sergeant.

Vanquished Creatures
  A hydra (D:8)
  A catoblepas (D:8)
  A two-headed ogre (D:8)
  An ugly thing (D:8)
  Grinder (D:5)
  2 wyverns
  4 yaks (D:8)
  2 steam dragons
  3 water moccasins
  Pargi (D:3)
  An ice beast (D:6)
  A black bear (D:7)
  4 orc warriors (Bailey)
  A sky beast (D:7)
  An ogre (D:6)
  2 centaurs
  A phantom (D:6)
  A bullfrog (D:7)
  6 scorpions
  4 water moccasin zombies (Ossuary)
  8 wights
  2 howler monkeys (D:6)
  2 orc priests
  Crazy Yiuf (D:3)
  A jelly (D:4)
  A sleepcap (D:5)
  5 iguanas
  7 orc wizards
  2 mummies (Ossuary)
  10 adders
  6 gnolls
  A shadow imp (D:6)
  2 white imps
  An ufetubus (D:7)
  2 adder zombies (Ossuary)
  3 worms
  A dart slug (D:2)
  19 orcs
  3 ball pythons
  4 bats
  6 endoplasms
  A giant cockroach (D:4)
  5 gnoll zombies (Ossuary)
  4 goblins
  10 hobgoblins
  6 jackals
  15 kobolds
  2 quokkas
  3 frilled lizards
  3 hobgoblin zombies (Ossuary)
  2 kobold zombies (Ossuary)
  8 orc zombies (Ossuary)
  5 rats
  A butterfly (D:7)
191 creatures vanquished.

Vanquished Creatures (collateral kills)
  An orc warlord (Bailey)
  A hobgoblin (Bailey)
2 creatures vanquished.

Vanquished Creatures (others)
  A scorpion (D:7)
1 creature vanquished.

Grand Total: 194 creatures vanquished

Notes
Turn   | Place    | Note
-------+----------+-------------------------------------------
     0 | D:1      | Wiggles the Minotaur Berserker began the quest for the Orb.
     0 | D:1      | Reached XP level 1. HP: 19/19 MP: 0/0
   147 | D:1      | Reached skill level 4 in Axes
   147 | D:1      | Reached XP level 2. HP: 16/27 MP: 1/1
   782 | D:2      | Reached XP level 3. HP: 31/33 MP: 2/2
   998 | D:2      | Reached XP level 4. HP: 41/41 MP: 3/3
  1039 | D:2      | Reached skill level 5 in Axes
  1114 | D:2      | Reached ** piety under Trog
  1639 | D:3      | Noticed Pargi
  1646 | D:3      | Killed Pargi
  1647 | D:3      | Reached skill level 5 in Fighting
  1647 | D:3      | Reached XP level 5. HP: 48/48 MP: 4/4
  1860 | D:3      | Found a runed translucent door.
  1861 | D:3      | Noticed Crazy Yiuf
  1868 | D:3      | Killed Crazy Yiuf
  1869 | D:3      | Reached skill level 1 in Stealth
  1962 | D:3      | Found a faded altar of an unknown god.
  2168 | D:4      | Reached skill level 6 in Axes
  2170 | D:4      | Identified the +0 pair of boots of Lir Nop {Drain rPois
                  | rF+}
  2190 | D:4      | Reached XP level 6. HP: 56/56 MP: 5/5
  2203 | D:4      | Found a radiant altar of Vehumet.
  2214 | D:4      | Found a sacrificial altar of Ru.
  2245 | D:4      | Found a white marble altar of Elyvilon.
  2266 | D:4      | Found a glowing silver altar of Zin.
  2383 | D:4      | Noticed a water moccasin
  2396 | D:4      | Killed a water moccasin
  2789 | D:4      | Reached skill level 1 in Shields
  3119 | D:4      | Reached skill level 7 in Axes
  3125 | D:4      | Reached XP level 7. HP: 53/62 MP: 6/6
  3212 | D:5      | Entered Level 5 of the Dungeon
  3477 | D:5      | Found a sand-covered staircase.
  3488 | Ossuary  | Entered an ossuary
  3493 | Ossuary  | Reached *** piety under Trog
  3524 | Ossuary  | Reached skill level 8 in Axes
  3642 | Ossuary  | Reached XP level 8. HP: 70/70 MP: 7/7
  3818 | D:5      | Noticed Grinder
  3830 | D:5      | Killed Grinder
  3831 | D:5      | Reached skill level 9 in Axes
  3831 | D:5      | Reached skill level 5 in Armour
  4042 | D:5      | Reached **** piety under Trog
  4279 | D:6      | Reached skill level 10 in Axes
  4360 | D:6      | Reached XP level 9. HP: 78/78 MP: 8/8
  4516 | D:6      | Reached skill level 5 in Shields
  4848 | D:7      | Found Ratyrph's Tiny Tomes.
  5163 | D:7      | Found a flagged portal.
  5216 | Bailey   | Entered a bailey
  5226 | Bailey   | Noticed an orc warlord
  5259 | Bailey   | Reached skill level 11 in Axes
  5316 | Bailey   | Found a runed translucent gate.
  5320 | Bailey   | Found a runed translucent gate.
  5342 | Bailey   | Found a runed translucent gate.
  5447 | Bailey   | Killed an orc warlord
  5448 | Bailey   | Reached XP level 10. HP: 88/88 MP: 9/9
  5539 | Bailey   | Identified the +8 rapier "Vosamn" {freeze, rF+ Will+}
  5596 | D:7      | Found a staircase to the Ecumenical Temple.
  5882 | Temple   | Entered the Ecumenical Temple
  5966 | D:8      | Reached skill level 12 in Axes
  6315 | D:8      | Noticed a catoblepas
  6317 | D:8      | Noticed a red ugly thing
  6327 | D:8      | Killed a catoblepas
  6328 | D:8      | Reached skill level 13 in Axes
  6337 | D:8      | Killed a red ugly thing
  6607 | D:8      | Noticed a two-headed ogre
  6611 | D:8      | Killed a two-headed ogre
  6625 | D:8      | Noticed a six-headed hydra
  6626 | D:8      | Identified the +12 sling of Cheibriados's Favour {heavy,
                  | rN+ Dex+3 Stlth-}
  6690 | D:8      | HP: 6/135 [ten-headed hydra (11)]
  6691 | D:8      | Killed an 11-headed hydra
  6691 | D:8      | Slain by a gnoll sergeant

Illustrated notes

Levels and vault maps discovered:
D:1:      lightli_arrival_chessboard, layout_basic
D:2:      minmay_razor_zed, layout_basic
D:3:      layout_loops_ring, hellmonk_ecumenical_altar_heavens_door,
          grunt_ministairs_3, minmay_misc_feat_roman, uniq_crazy_yiuf_cottage,
          uniq_pargi
D:4:      kb_forest_paths, layout_basic, nicolae_overflow_quartered_altars
D:5:      layout_gridville, nicolae_ossuary_entry_ruins, uniq_grinder
D:6:      layout_cave_pools, corexii_checkpoint_b, due_unseen_surprise
D:7:      layout_loops_cross, minmay_temple_entry_butterflies, enter_bailey_8,
          nicolae_shop_i_like_small_books_too
D:8:      wad_arrow_thing, layout_gridville
Temple:   hc_temple_tempest_star

Skill      XL: |  1  2  3  4  5  6  7  8  9 10 |
---------------+-------------------------------+-----
Axes           | 4 5 6 7 8 10 11 13 | 13.7
Fighting       | 4 5 6 7 8 |  8.6
Armour         | 3 4 6 8 9 |  9.2
Stealth        | 1 |  1.7
Shields        | 1 2 4 6 7 |  7.3
Dodging        | 3 4 |  4.3

Action                     |  1- 3 |  4- 6 |  7- 9 | 10-12 || total
---------------------------+-------+-------+-------+-------++-------
  Melee: Hand axe          |    76 |   100 |   259 |       ||   435
         Headbutt          |     9 |    13 |    56 |    14 ||    92
         Executioner's axe |       |       |       |    55 ||    55
 Invoke: Berserk           |       |     4 |     4 |     2 ||    10
         Brothers in Arms  |       |       |     2 |       ||     2
    Use: Scroll            |       |       |    18 |     4 ||    22
 Armour: Animal skin       |     4 |       |       |       ||     4
         Chain mail        |    31 |    65 |    91 |    62 ||   249
  Dodge: Dodged            |    34 |    25 |    83 |    59 ||   201
  Block: Kite shield       |       |    18 |    90 |       ||   108
